 Dungeon Crawl Stone Soup version 0.23.2-33-g5129a83184 (webtiles) character file.

Game seed: 16068302234364653671

210 Derp the Firebug (level 5, -6/28 HPs)
             Began as a Deep Elf Fire Elementalist on July 21, 2019.
             Mangled by an ogre
             ... wielding a +0 giant club
              (18 damage)
             ... on level 4 of the Dungeon.
             The game lasted 00:12:43 (3384 turns).

Derp the Firebug (Deep Elf Fire Elementalist)       Turns: 3384, Time: 00:12:44

Health: -6/28      AC:  4    Str: 11    XL:     5   Next: 56%
Magic:  2/13       EV: 14    Int: 21    God:
Gold:   151        SH:  0    Dex: 15    Spells: 9/12 levels left

rFire    + . .     SeeInvis .   n - +0 trident
rCold    . . .     Gourm    .   (no shield)
rNeg     . . .     Faith    .   b - +2 robe {rF+}
rPois    .         Spirit   .   (no helmet)
rElec    .         Reflect  .   (no cloak)
rCorr    .         Harm     .   (no gloves)
MR       .....                  (no boots)
Stlth    ++........             (no amulet)
HPRegen  0.09/turn              h - +6 ring of strength
MPRegen  0.13/turn              (no ring)

@: no status effects
A: no striking features
a: no special abilities


You were on level 4 of the Dungeon.
You were not hungry.

You visited 1 branch of the dungeon, and saw 4 of its levels.

You collected 193 gold pieces.
You spent 42 gold pieces at shops.

Inventory:

Hand Weapons
 n - a +0 trident (weapon)
Armour
 a - a +0 robe
 b - a +2 robe of fire resistance (worn)
Jewellery
 h - a +6 ring of strength (left hand)
 o - an uncursed amulet of rage {unknown}
Scrolls
 d - 2 scrolls of remove curse
 e - a scroll of random uselessness {unknown}
 g - 5 scrolls of identify {unknown}
 i - a scroll of fear {unknown}
 j - 4 scrolls of teleportation {unknown}
 k - a scroll of blinking {unknown}
Potions
 f - 2 potions of curing {unknown}
 l - a potion of might {unknown}
 m - a potion of brilliance {unknown}
Comestibles
 c - 4 rations


   Skills:
 + Level 0.1 Fighting
 + Level 3.8 Dodging
 + Level 3.2 Stealth
 + Level 4.4 Spellcasting
 + Level 2.2 Conjurations
 + Level 5.0 Fire Magic


You had 9 spell levels left.
You knew the following spells:

 Your Spells              Type           Power        Failure   Level  Hunger
a - Flame Tongue          Conj/Fire      ###..        2%          1    None
b - Throw Flame           Conj/Fire      ###...       4%          2    #......

Your spell library contained the following spells:

 Spells                   Type           Power        Failure   Level  Hunger
 Conjure Flame            Conj/Fire      ###.....     8%          3    ##.....
 Inner Flame              Hex/Fire       ###.....     12%         3    ##.....
 Sticky Flame             Conj/Fire      ###.....     26%         4    ####...
 Fireball                 Conj/Fire      ###.......   58%         5    ######.


Dungeon Overview and Level Annotations

Branches:
Dungeon (4/15)
 Temple: D:4-7

Altars:
Trog

Shops:
D:4 !?


Message History

Aiming: Throw Flame (safe; 4% risk of failure)
Press: ? - help, Shift-Dir - straight line, f/p - ogre
Aim: an ogre, wielding a +0 giant club (heavily wounded)
The puff of flame hits the giant cockroach!
You kill the giant cockroach!
Casting: Throw Flame (safe; 4% risk of failure)
Confirm with . or Enter, or press ? or * to list all spells.
You don't have enough magic to cast that spell.
Unknown command.
You hit the ogre.
The ogre is heavily wounded.
The ogre completely misses you.
You hit the ogre.
The ogre is severely wounded.
The ogre hits you with a +0 giant club!
You hit the ogre.
The ogre is almost dead.
The ogre hits you with a +0 giant club!!
Ouch! That really hurt!
You die...

........###......##+#<..##....
...####.. #.∩...........##.#.#
$ .#.#####..)..........#
...........#.......####
...#..###...........# .... #.#
#.#.#.......# ##### .#
#h#.#.......# #O#.#.......#
#@#.##....### #.#.##..).#
#.#.####### #.#. ..# ... ...
##..


You could see an ogre and a jackal.

Vanquished Creatures
  A howler monkey (D:4)
  A hound (D:4)
  A howler monkey skeleton (D:4)
  A river rat (D:3)
  3 adders (D:3)
  An ooze (D:1)
  3 worms
  A dart slug (D:1)
  6 leopard geckos
  5 orcs (D:3)
  6 bats
  8 giant cockroaches
  4 hobgoblins
  A jackal (D:4)
  2 quokkas (D:2)
  2 ball pythons
  6 frilled lizards
  7 goblins
  4 kobolds
  5 rats
68 creatures vanquished.

Notes
Turn   | Place    | Note
-------+----------+-------------------------------------------
     0 | D:1      | Derp the Deep Elf Fire Elementalist began the quest for the
                  | Orb.
     0 | D:1      | Reached XP level 1. HP: 10/10 MP: 6/6
   208 | D:1      | Reached XP level 2. HP: 15/15 MP: 1/8
   765 | D:1      | Reached skill level 4 in Fire Magic
   941 | D:2      | Reached XP level 3. HP: 19/19 MP: 3/9
  1019 | D:2      | Learned a level 2 spell: Throw Flame
  1991 | D:3      | Found a bloodstained altar of Trog.
  2108 | D:3      | Reached XP level 4. HP: 16/24 MP: 0/11
  3059 | D:4      | Reached XP level 5. HP: 24/28 MP: 0/13
  3216 | D:4      | Found Zatetef's Magic Scroll Emporium.
  3229 | D:4      | Bought a scroll of remove curse for 42 gold pieces
  3232 | D:4      | Found Joakal's Distillery.
  3297 | D:4      | Reached skill level 5 in Fire Magic
  3346 | D:4      | Noticed an ogre
  3384 | D:4      | Mangled by an ogre

Skill      XL: |  1  2  3  4  5 |
---------------+----------------+-----
Fire Magic     | 4 5 |  5.0
Stealth        | 3 |  3.2
Spellcasting   | 4 |  4.4
Dodging        | 3 |  3.8
Conjurations   | 2 |  2.2
Fighting       | |  0.1

Action                   |  1- 3 |  4- 6 || total
-------------------------+-------+-------++-------
Melee: Unarmed           |     4 |    14 ||    18
       Trident           |       |    11 ||    11
 Cast: Flame Tongue      |    36 |       ||    36
       Throw Flame       |    33 |    60 ||    93
  Eat: Chunk             |     3 |       ||     3
       Ration            |     1 |     1 ||     2
Armor: Robe              |     9 |    28 ||    37
Dodge: Dodged            |    44 |    75 ||   119
